Map: Nightshade LE

Players

Zest

  • Race: Protoss Protoss
  • Spawn Location: 5:00

Scarlett - Winner!

  • Race: Zerg Zerg
  • Spawn Location: 11:00

VOD

https://www.youtube.com/watch?v=c1CYwTMa6Uk

Description

Time

  • Played on: March 22, 2020, 3:26 a.m.
  • Length: 3:58
Show
View Real Time Build Order
Export as new Build Order

Zest Protoss 

Build Orders: 1 Gate Expand 

Get SALT Encoding   

  12  0:00  Probe  
  13  0:12  Probe  
  14  0:19  Pylon  
  14  0:24  Probe  
  15  0:37  Probe (Chrono Boost)  
  15  0:40  Gateway  
  16  0:46  Probe (Chrono Boost)  
  17  0:50  Assimilator  
  17  0:51  Probe (Chrono Boost)  
  18  1:03  Probe  
  19  1:15  Probe  
  20  1:28  Nexus  
  20  1:35  Cybernetics Core  
  20  1:38  Probe  
  21  1:46  Assimilator  
  21  1:50  Probe  
  21  1:53  Pylon  
  22  2:02  Probe (Chrono Boost)  
  23  2:09  Adept (Chrono Boost)  
  23  2:12  Warp Gate  
  23  2:14  Probe (Chrono Boost)  
  26  2:19  Probe (Chrono Boost)  
  27  2:29  Probe  
  28  2:32  Stalker  
  28  2:37  Twilight Council  
  30  2:41  Probe x2  
  32  2:52  Robotics Facility  
  32  2:53  Probe  
  33  3:02  Gateway  
  33  3:10  Gateway  
  33  3:24  Gateway, Probe x2  
  39  3:49  Pylon  
Show
View Real Time Build Order
Export as new Build Order

Scarlett Zerg - Winner!

Build Orders: Pool First 

Get SALT Encoding   

  12  0:00  Drone  
  13  0:12  Overlord  
  13  0:17  Drone  
  14  0:31  Drone x2  
  16  0:38  Drone  
  16  0:39  Extractor  
  16  0:45  Spawning Pool  
  16  0:49  Drone  
  16  0:56  Drone  
  17  1:18  Hatchery  
  16  1:23  Drone  
  17  1:31  Zergling x2  
  18  1:36  Queen  
  20  1:43  Metabolic Boost  
  20  1:48  Drone  
  21  1:57  Roach Warren  
  21  2:00  Drone  
  22  2:08  Drone  
  22  2:10  Overlord  
  22  2:29  Zergling x2  
  23  2:37  Roach x3  
  23  2:42  Roach  
  23  2:43  Overlord  
  31  2:47  Roach  
  33  2:52  Roach  
  35  3:00  Zergling x2  
  36  3:08  Zergling x6  
  39  3:17  Zergling x4  
  41  3:20  Ravager  
  41  3:24  Overlord  
  41  3:26  Zergling x2  
  41  3:27  Zergling x2  
Tags
 
Add a new tag
Caveats
  • Supply blocks, unpowered buildings, or Contaminate may cause inaccurate times.
  • Supply counts are checked every 10 seconds.